Map: New Repugnancy LE

Players

SortOf - Winner!

  • Race: Zerg Zerg
  • League: Diamond
  • Spawn Location: 1:00

Astrea

  • Race: Protoss Protoss
  • Spawn Location: 7:00

Event: 2019 WCS Summer

VOD

Have the link to the VOD?

Description

Time

  • Played on: July 12, 2019, 9:51 a.m.
  • Length: 14:09

All games in this series

Show
View Real Time Build Order
Export as new Build Order

SortOf Zerg - Winner!

Build Orders: Pool First 

Get SALT Encoding   

  12  0:00  Drone  
  13  0:13  Overlord  
  13  0:17  Drone  
  14  0:32  Drone x2  
  16  0:50  Drone x2  
  18  0:57  Drone  
  18  0:58  Spawning Pool  
  18  1:04  Extractor  
  18  1:08  Drone  
  18  1:21  Hatchery  
  18  1:22  Drone  
  18  1:29  Drone  
  19  1:48  Hatchery  
  19  1:51  Zergling x2  
  19  2:01  Queen  
  19  2:08  Metabolic Boost  
  21  2:12  Zergling x2  
  22  2:22  Overlord  
  22  2:33  Zergling x2  
  22  2:34  Drone x3  
  26  2:41  Queen  
  27  3:00  Drone  
  28  3:07  Hatchery  
  28  3:11  Zergling x4  
  29  3:14  Drone  
  29  3:17  Zergling x4  
  32  3:21  Drone  
  33  3:27  Spore Crawler  
  33  3:28  Spore Crawler  
  30  3:34  Zergling x4  
  30  3:39  Drone  
  33  3:44  Queen  
  35  3:48  Overlord  
  35  4:06  Drone x6  
  35  4:07  Drone  
  38  4:13  Drone  
  39  4:18  Drone  
  39  4:28  Drone x2  
  39  4:30  Drone, Queen  
  44  4:31  Queen  
  46  4:38  Roach Warren  
  46  4:40  Drone x2  
  46  4:43  Spore Crawler  
  46  4:47  Overlord  
  46  4:49  Overlord  
  46  4:53  Drone x2  
  45  5:01  Drone x2  
  45  5:02  Overlord  
  47  5:12  Drone x6  
  53  5:18  Queen  
  53  5:19  Drone  
  56  5:25  Drone  
  56  5:26  Overlord  
  57  5:29  Overlord  
  57  5:34  Overlord  
  57  5:38  Extractor x2  
  57  5:41  Drone x2  
  57  5:47  Drone x9  
  66  5:52  Extractor  
  66  5:55  Drone x4  
  64  6:01  Drone  
  64  6:05  Drone x2  
  64  6:06  Lair  
  64  6:11  Drone x4  
  70  6:17  Zergling x6  
  69  6:29  Drone x5  
  71  6:39  Roach x5  
  81  6:43  Overlord  
  81  6:46  Overlord  
  81  6:49  Overlord  
  81  6:52  Overlord  
  81  6:54  Overlord  
  81  6:56  Drone  
  81  6:57  Overlord  
  82  7:02  Roach x3  
  82  7:08  Roach x3  
  94  7:11  Drone x3  
  94  7:12  Drone  
  96  7:20  Glial Reconstitution  
  96  7:21  Overseer  
  98  7:23  Roach x2  
  98  7:26  Overlord  
  98  7:28  Roach x2  
  104  7:32  Overseer  
  104  7:35  Ravager x3  
  106  7:37  Zergling x2, Roach  
  106  7:38  Zergling x4  
  106  7:40  Overlord  
  106  7:42  Overlord  
  111  7:45  Zergling x6  
  111  7:47  Ravager  
  115  7:53  Ravager  
  115  7:55  Zergling x10  
  116  8:07  Zergling x2, Roach x7  
  119  8:15  Roach  
  119  8:18  Roach x4  
  125  8:21  Zergling x4  
  125  8:26  Queen x2  
  124  8:32  Roach x3  
  130  8:35  Roach  
  130  8:36  Roach x2  
  133  8:42  Zergling x8  
  136  8:50  Zergling x2  
  136  8:51  Zergling x8  
  136  8:52  Ravager  
  136  8:53  Ravager x2  
  136  8:55  Roach  
  141  9:01  Roach x2  
  138  9:05  Overlord  
  123  9:13  Roach  
  123  9:14  Roach x5  
  123  9:16  Zergling x8  
  121  9:27  Queen  
  123  9:33  Extractor  
  123  9:34  Zergling x6, Extractor  
  123  9:37  Spire  
  123  9:41  Evolution Chamber, Baneling Nest  
  123  9:43  Drone  
  123  9:45  Drone  
  123  9:46  Drone  
  123  9:48  Hatchery  
  123  9:50  Overseer  
  123  9:56  Drone  
  123  10:01  Drone  
  123  10:04  Drone x2  
  126  10:14  Zerg Melee Weapons Level 1  
  126  10:15  Drone  
  126  10:17  Overlord  
  126  10:19  Hatchery  
  127  10:26  Zergling x2  
  127  10:27  Zergling x10  
  133  10:32  Centrifical Hooks  
  133  10:43  Zergling x4  
  133  10:48  Infestation Pit, Zergling x4  
  137  10:57  Overlord  
  137  11:01  Overlord  
  137  11:03  Roach x2  
  141  11:06  Roach  
  143  11:14  Baneling x29  
  143  11:15  Drone x2  
  143  11:16  Drone x12, Spire  
  156  11:41  Hatchery  
  155  11:49  Roach x7  
  155  11:50  Overlord x2  
  155  11:51  Extractor  
  155  11:53  Extractor  
  167  11:54  Overlord  
  167  12:00  Hive  
  164  12:09  Drone x5  
  167  12:21  Drone x2  
  169  12:29  Spore Crawler  
  168  12:30  Drone x3  
  168  12:33  Ravager x9  
  168  12:34  Zergling x4  
  181  12:40  Zergling x8  
  181  12:43  Baneling x4  
  185  12:49  Zergling x8  
  188  12:56  Baneling  
  188  12:57  Baneling x3, Zergling x6  
  191  13:08  Zergling x10  
  191  13:11  Baneling x6  
  196  13:23  Baneling x9  
  196  13:26  Zergling x6  
  195  13:37  Baneling x12  
  195  13:39  Zergling x14  
Show
View Real Time Build Order
Export as new Build Order

Astrea Protoss 

Build Orders: Oracle Opening 

Get SALT Encoding   

  12  0:00  Probe  
  13  0:12  Probe  
  14  0:19  Pylon  
  14  0:24  Probe  
  15  0:33  Probe  
  15  0:39  Gateway  
  15  0:41  Probe  
  16  0:49  Assimilator  
  17  0:52  Probe  
  18  1:04  Probe  
  19  1:17  Zealot  
  20  1:28  Cybernetics Core  
  20  1:29  Pylon  
  20  1:30  Probe  
  22  1:34  Assimilator  
  22  1:42  Probe  
  22  1:45  Zealot  
  25  1:54  Probe  
  26  2:04  Adept  
  26  2:06  Probe  
  27  2:10  Warp Gate  
  29  2:18  Probe  
  30  2:24  Pylon  
  30  2:28  Stargate  
  30  2:30  Probe  
  30  2:42  Adept  
  32  2:50  Probe  
  33  3:02  Probe  
  34  3:06  Oracle  
  34  3:08  Pylon  
  34  3:19  Nexus  
  37  3:22  Pylon  
  37  3:24  Probe  
  38  3:38  Probe  
  39  3:43  Oracle  
  42  3:50  Probe  
  43  3:59  Adept  
  43  4:02  Probe  
  38  4:14  Probe  
  38  4:16  Phoenix  
  39  4:18  Gateway  
  39  4:20  Robotics Facility  
  39  4:26  Probe  
  39  4:30  Oracle  
  42  4:32  Probe, Zealot  
  45  4:38  Probe  
  45  4:44  Probe  
  50  4:48  Pylon  
  50  4:50  Probe  
  51  4:57  Probe  
  52  5:02  Immortal  
  52  5:04  Probe  
  50  5:10  Probe  
  50  5:13  Assimilator  
  55  5:16  Probe  
  55  5:17  Assimilator  
  55  5:19  Adept  
  58  5:23  Probe  
  58  5:24  Sentry  
  61  5:29  Probe  
  62  5:36  Probe  
  62  5:42  Warp Prism  
  63  5:43  Sentry  
  63  5:47  Gateway  
  63  5:49  Gateway  
  67  5:51  Gateway  
  67  6:03  Probe  
  68  6:09  Immortal  
  72  6:32  Sentry x2  
  74  6:37  Gateway  
  74  6:38  Gateway  
  72  6:41  Gateway  
  72  6:42  Pylon  
  72  6:43  Pylon  
  72  6:47  Sentry x2  
  72  6:50  Immortal  
  76  6:55  Sentry  
  76  6:57  Pylon  
  76  6:59  Pylon  
  82  7:04  Pylon  
  82  7:16  Zealot x4  
  82  7:20  Pylon  
  90  7:23  Pylon  
  90  7:26  Observer  
  90  7:29  Zealot  
  93  7:46  Stalker x6  
  93  7:48  Sentry  
  95  8:16  Sentry  
  95  8:17  Sentry x2, Zealot x5  
  102  8:42  Sentry x3  
  102  8:43  Zealot x5  
  106  9:05  Zealot x3  
  106  9:06  Zealot x5  
  106  9:08  Warp Prism  
  77  9:31  Sentry x6  
  79  9:35  Zealot x2  
  93  9:39  Immortal  
  93  9:52  Pylon  
  96  10:19  Immortal  
  96  10:25  Nexus  
  96  10:27  Robotics Bay, Pylon  
  100  10:32  Probe x2  
  102  10:56  Probe x2  
  104  10:57  Pylon  
  104  11:08  Probe, Pylon  
  104  11:09  Disruptor  
  105  11:13  Probe  
  105  11:16  Stalker x5  
  119  11:26  Pylon  
  119  11:27  Pylon  
  119  11:35  Disruptor  
  109  11:41  Stalker x3  
  118  11:54  Gateway  
  118  11:55  Gateway  
  118  11:59  Probe x3, Pylon  
  118  12:00  Warp Prism  
  121  12:13  Probe  
  124  12:34  Sentry x2  
  124  12:35  Stalker x6  
  140  12:41  Observer  
  138  12:54  Disruptor  
  136  13:00  Assimilator  
  136  13:01  Assimilator  
  136  13:08  Adept x9  
  153  13:43  Stalker x7  
  153  13:44  Stalker x2  
Tags
 
Add a new tag
Caveats
  • Supply blocks, unpowered buildings, or Contaminate may cause inaccurate times.
  • Supply counts are checked every 10 seconds.